 Dungeon Crawl Stone Soup version 0.21-a0-632-g1e37ce5 (webtiles) character file.

4000 wvc the Cruncher (level 10, 0/80 HPs)
             Began as a Naga Gladiator on Dec 27, 2017.
             Was a Priest of Cheibriados.
             Slain by a two-headed ogre
             ... wielding a +0 giant club
              (2 damage)
             ... on level 8 of the Dungeon.
             The game lasted 00:16:36 (8391 turns).

wvc the Cruncher (Naga Gladiator)                   Turns: 8391, Time: 00:16:36

Health: 0/80       AC:  7    Str: 22    XL:     10   Next: 23%
Magic:  10/10      EV: 10    Int: 17    God:    Cheibriados [***...]
Gold:   326        SH:  0    Dex: 20    Spells: 9/9 levels left

rFire    . . .     SeeInvis +   a - +0 quarterstaff
rCold    + . .     Gourm    .   (shield currently unavailable)
rNeg     . . .     Faith    .   c - +0 ring mail
rPois    +         Spirit   .   k - +0 helmet
rElec    .         Reflect  .   n - +0 cloak
rCorr    .         Harm     .   (no gloves)
MR       +....     Clarity  +   (no barding)
Stlth    +.........             (no amulet)
HPRegen  0.23/turn              r - ring of protection from cold
MPRegen  0.12/turn              (no ring)

@: short of breath, very slow
A: large, see invisible, clarity, deformed body, poison resistance, slowness 2,
slow metabolism 1, spit poison 2, AC +3
a: Breathe Poison Gas, Bend Time, Temporal Distortion, Renounce Religion


You were on level 8 of the Dungeon.
You worshipped Cheibriados.
Cheibriados was most pleased with you.
You were not hungry.

You visited 2 branches of the dungeon, and saw 9 of its levels.

You collected 326 gold pieces.

Inventory:

Hand Weapons
 a - a +0 quarterstaff (weapon)
 y - a +0 demon blade of venom
Missiles
 s - 10 poisoned needles
Armour
 c - a +0 ring mail (worn)
 k - a +0 helmet (worn)
 n - a +0 cloak (worn)
Magical Staves
 x - an uncursed staff of energy
Jewellery
 r - a ring of protection from cold (left hand)
Wands
 e - a wand of enslavement (8)
 v - a wand of flame (38)
 z - a wand of paralysis (14)
Scrolls
 i - 3 scrolls of teleportation
 o - 6 scrolls of remove curse
 w - a scroll of identify
Potions
 b - a potion of cancellation
 g - 3 potions of curing
 l - a potion of brilliance {unknown}
 m - a potion of berserk rage {unknown}
 p - a potion of lignification
 t - 2 potions of agility
 u - a potion of haste {unknown}
Books
 d - a book of Callings

   Spells                             Type                      Level
   a - Summon Small Mammal            Summoning                    1
   b - Call Imp                       Summoning                    2
   c - Call Canine Familiar           Summoning                    3
   d - Summon Guardian Golem          Hexes/Summoning              3
   e - Summon Lightning Spire         Summoning/Air                4
   f - Summon Ice Beast               Ice/Summoning                4
 q - a book of Necromancy

   Spells                             Type                      Level
   a - Pain                           Necromancy                   1
   b - Animate Skeleton               Necromancy                   1
   c - Vampiric Draining              Necromancy                   3
   d - Regeneration                   Charms/Necromancy            3
   e - Animate Dead                   Necromancy                   4
   f - Borgnjor's Vile Clutch         Necromancy/Earth             5
Comestibles
 f - 8 rations


   Skills:
 - Level 2.0 Fighting
 + Level 14.1 Staves
 - Level 1.7 Throwing
 - Level 2.4 Dodging


You had 9 spell levels left.
You didn't know any spells.

Dungeon Overview and Level Annotations

Branches:
Dungeon (8/15)             Temple (1/1) D:5
   Lair: D:8-11

Altars:
Ashenzari
Cheibriados
Dithmenos
Elyvilon
Fedhas
Gozag
Hepliaklqana
Kikubaaqudgha
Makhleb
Nemelex Xobeh
Okawaru
Qazlal
Ru
Sif Muna
Trog
Vehumet
Wu Jian
Xom
Yredelemnul
Zin
The Shining One

Annotations:
D:7 exclusion: statue


Innate Abilities, Weirdness & Mutations

You cannot wear boots.
Your serpentine skin is tough. (AC +3)
You have supernaturally acute eyesight. (SInv)
Armour fits poorly on your strangely shaped body.
Your system is resistant to poisons. (rPois)
You cover ground very slowly.
You have a slow metabolism.
You can exhale a cloud of poison.
You possess an exceptional clarity of mind.


Message History

The two-headed ogre is engulfed in poison gas.
The two-headed ogre looks even sicker.
The two-headed ogre hits you with a giant club!
The two-headed ogre hits you with a giant club!!
You thump the two-headed ogre!
The two-headed ogre is heavily wounded.
You sock the two-headed ogre!
The two-headed ogre is almost dead.
The two-headed ogre is engulfed in poison gas.
The two-headed ogre looks even sicker.
The two-headed ogre hits you with a giant club.
The two-headed ogre hits you with a giant club!!
* * * LOW HITPOINT WARNING * * *
You feel much better.
You hit the two-headed ogre.
The two-headed ogre is almost dead.
The two-headed ogre hits you with a giant club!!
* * * LOW HITPOINT WARNING * * *
The two-headed ogre hits you with a giant club.
You die...

#.##..#.#.#
#.###.###'##
########...# ## ## ##$.
#...# .##. .#.JO
##...#### ... .#
oO##....##.. ..# .#
###...##..### ..# ##
###....##....###..##
####.....###..#.@O....#
#.......##
#...###........
รท......##
#......)..#....
#....###
###..###.......
##########
##.#######...
#.##.....# #...# #
#.##....## ###.##
#.#.....# #..#
#.#.##### ##.#


You could see a two-headed ogre.

Vanquished Creatures
  2 two-headed ogres (D:8)
  The ghost of DEFE the Cutter, an amateur DEAM of Ashenzari (D:3)
  A water moccasin (D:5)
  An orc warrior (D:7)
  A sky beast (D:6)
  3 phantoms
  5 ogres
  An ice beast (D:6)
  A centaur (D:6)
  3 big kobolds
  5 bullfrogs
  A wyvern zombie (D:6)
  5 crimson imps
  A centaur zombie (D:6)
  A hound (D:4)
  2 orc priests (D:3)
  2 jellies
  2 bullfrog skeletons
  A bullfrog zombie (D:8)
  An orc wizard (D:7)
  4 iguanas
  3 worker ants
  12 adders
  2 howler monkey skeletons
  3 shadow imps
  2 oozes
  An adder skeleton (D:6)
  7 worms
  2 dart slugs
  8 leopard geckos
  10 orcs
  2 ball pythons
  6 giant cockroaches
  9 goblins
  5 hobgoblins
  4 jackals (D:2)
  4 quokkas
  6 bats
  3 frilled lizards
  A giant cockroach zombie (D:6)
  A jackal skeleton (D:7)
  16 kobolds
  A leopard gecko skeleton (D:5)
  A quokka skeleton (D:5)
  7 rats
  A spectral orc (D:8)
161 creatures vanquished.

Notes
Turn   | Place    | Note
-------+----------+-------------------------------------------
     0 | D:1      | wvc the Naga Gladiator began the quest for the Orb.
     0 | D:1      | Reached XP level 1. HP: 19/19 MP: 1/1
   110 | D:1      | Reached XP level 2. HP: 22/26 MP: 2/2
   619 | D:1      | Reached skill level 4 in Staves
   785 | D:1      | Reached XP level 3. HP: 25/32 MP: 3/3
  1502 | D:2      | Found a burning altar of Makhleb.
  1541 | D:2      | Reached XP level 4. HP: 17/39 MP: 4/4
  1850 | D:2      | Reached skill level 5 in Staves
  2051 | D:2      | Found a sacrificial altar of Ru.
  2484 | D:3      | Found a transporter.
  2507 | D:3      | Found a transporter.
  2516 | D:3      | Noticed DEFE's ghost (amateur DEAM)
  2885 | D:3      | Reached XP level 5. HP: 21/45 MP: 5/5
  3078 | D:3      | Killed DEFE's ghost
  3078 | D:3      | Reached skill level 6 in Staves
  3078 | D:3      | Reached XP level 6. HP: 47/52 MP: 6/6
  3535 | D:4      | Noticed a phantom
  3693 | D:4      | Killed a phantom
  3693 | D:4      | Reached skill level 7 in Staves
  4019 | D:4      | Reached XP level 7. HP: 60/60 MP: 7/7
  4114 | D:4      | Reached skill level 8 in Staves
  4465 | D:4      | Found an opulent altar of Gozag.
  4536 | D:5      | Entered Level 5 of the Dungeon
  4630 | D:5      | Reached skill level 9 in Staves
  4671 | D:5      | HP: 3/60 [leopard gecko (4)]
  4675 | D:5      | Gained mutation: You possess an exceptional clarity of mind. [potion of mutation]
  4675 | D:5      | Gained mutation: You can exhale a cloud of poison. [potion of mutation]
  4686 | D:5      | Reached XP level 8. HP: 31/67 MP: 8/8
  4930 | D:5      | Found a staircase to the Ecumenical Temple.
  4936 | Temple   | Entered the Ecumenical Temple
  5165 | Temple   | Became a worshipper of Cheibriados the Contemplative
  5258 | D:5      | Reached skill level 10 in Staves
  6065 | D:6      | Reached * piety under Cheibriados
  6229 | D:6      | Reached skill level 11 in Staves
  6422 | D:6      | Reached XP level 9. HP: 68/73 MP: 9/9
  6761 | D:7      | Reached skill level 12 in Staves
  6785 | D:7      | Found a radiant altar of Vehumet.
  6827 | D:7      | Reached ** piety under Cheibriados
  7143 | D:7      | Found a shimmering altar of Xom.
  7144 | D:7      | Found a shimmering altar of Xom.
  7148 | D:7      | Found a shimmering altar of Xom.
  7151 | D:7      | Found a shimmering altar of Xom.
  7151 | D:7      | Found a shimmering altar of Xom.
  7516 | D:8      | Noticed a two-headed ogre
  7524 | D:8      | Noticed a two-headed ogre
  7529 | D:8      | Killed a two-headed ogre
  7529 | D:8      | Reached skill level 13 in Staves
  7531 | D:8      | Found an ornate altar of the Wu Jian Council.
  7805 | D:8      | Killed a two-headed ogre
  7805 | D:8      | Reached XP level 10. HP: 8/80 MP: 10/10
  8146 | D:8      | Found a basalt altar of Yredelemnul.
  8244 | D:8      | Noticed a two-headed ogre
  8244 | D:8      | Noticed a two-headed ogre
  8262 | D:8      | Reached skill level 14 in Staves
  8352 | D:8      | Reached *** piety under Cheibriados
  8377 | D:8      | Noticed a two-headed ogre
  8389 | D:8      | HP: 1/80 [two-headed ogre/giant club (24)]
  8391 | D:8      | Slain by a two-headed ogre

Vault maps used:
D:1:      dpeg_arrival_erosion, serial_corexii_hall,
          corexii_hall_statues_deadend, corexii_hall_statues_u,
          minmay_shallow_snake_nest
D:2:      nicolae_overflow_hidden_temple, nicolae_overflow_crystal_walls,
          marbit_many_paths, first_ration
D:3:      gammafunk_wand_slinger, minmay_misc_feat_room, due_unseen_surprise
D:4:      lemuel_tele_altar
D:5:      minmay_temple_entry_statues_pillars, gup_sewer_entry_bubbles
D:7:      vehumet_statue, xom_shifter_show
D:8:      yredelemnul_forgotten_temple_becter, lemuel_round_altar, serial_shops,
          nicolae_shop_competitors_out_of_business, lightli_corner_chamber
Temple:   regret_index_temple_generic_petals

Skill      XL: |  1  2  3  4  5  6  7  8  9 10 |
---------------+-------------------------------+-----
Staves         | 4 5 6 7 9 11 13 14 | 14.1
Fighting       | |  2.0
Throwing       | |  1.7
Dodging        | |  2.4

Action                   |  1- 3 |  4- 6 |  7- 9 | 10-12 || total
-------------------------+-------+-------+-------+-------++-------
Melee: Quarterstaff      |    90 |   185 |   338 |    46 ||   659
       Dagger            |    18 |       |       |       ||    18
Throw: Throwing net      |       |     1 |     4 |       ||     5
 Abil: Spit Poison       |       |    10 |     3 |       ||    13
       Breathe Poison Ga |       |       |    10 |     1 ||    11
  Use: Scroll            |       |     3 |    11 |     1 ||    15
       Potion            |       |       |     2 |     1 ||     3
 Stab: Held in net/web   |       |       |     2 |       ||     2
       Distracted        |       |       |       |     1 ||     1
  Eat: Chunk             |     1 |     4 |     6 |       ||    11
       Ration            |       |     1 |     2 |       ||     3
Armor: Leather armour    |    25 |       |       |       ||    25
       Ring mail         |    21 |    60 |    91 |    10 ||   182
Dodge: Dodged            |    84 |    64 |   125 |    17 ||   290

Table legend:
 A = Spawn XP
 B = Non-spawn XP
 C = Spawn XP percentage of total XP
 D = Spawn monster count
 E = Non-spawn monster count
 F = Spawn count percentage of total count
 G = Total turns spent on level
                    A         B        C        D         E        F      G
               +---------+---------+-------+---------+---------+-------+---------
         Total |       0 |    5715 |   0.0 |       0 |     161 |   0.0 |  8391
               +---------+---------+-------+---------+---------+-------+---------
           D:1 |       0 |      47 |   0.0 |       0 |      23 |   0.0 |  1401
           D:2 |       0 |      58 |   0.0 |       0 |      21 |   0.0 |   933
           D:3 |       0 |     284 |   0.0 |       0 |      21 |   0.0 |  1145
           D:4 |       0 |     484 |   0.0 |       0 |      15 |   0.0 |  1057
           D:5 |       0 |     741 |   0.0 |       0 |      21 |   0.0 |   863
           D:6 |       0 |     980 |   0.0 |       0 |      20 |   0.0 |   982
           D:7 |       0 |     689 |   0.0 |       0 |      22 |   0.0 |   817
           D:8 |       0 |    2432 |   0.0 |       0 |      18 |   0.0 |   923
               +---------+---------+-------+---------+---------+-------+---------
